BSA
ST. LOUIS BROWNS @ MAUI TROPICS
09/18/2027
 
TOP OF THE 1ST
St. Louis Browns batting - Pitching for Maui Tropics : LHP Kent Robinson
Pitching: LHP Kent Robinson
Batting: SHB Ryobe Yamamoto 0-0: Called Strike
0-1: Ball
1-1: Ball
2-1: Ground out 4-3 (Groundball, 4M)
Batting: RHB Paco Castillo 0-0: SINGLE (Line Drive, 56)
Batting: LHB Robin Hill 0-0: Called Strike
0-1: Ball
1-1: Fly out, F7 (Flyball, 7S)
Batting: RHB Adrian Prouse 0-0: Ball
1-0: Ball
2-0: Ball
3-0: Base on Balls
Paco Castillo to second
Batting: LHB Jorge Torres 0-0: Ball
1-0: Reached on error, E1 (Groundball, P)
Paco Castillo to third
Adrian Prouse to second
Batting: RHB Anthony Rucker 0-0: Called Strike
0-1: Fly out, F5 (Popup, 5S)
Top of the 1st over - 0 run(s), 1 hit(s), 1 error(s), 3 left on base; St. Louis 0 - Maui 0
BOTTOM OF THE 1ST
Maui Tropics batting - Pitching for St. Louis Browns : RHP Claudio Martínez
Pitching: RHP Claudio Martínez
Batting: LHB Mario Olivares 0-0: Ball
1-0: Ball
2-0: Ball
3-0: Base on Balls
Batting: RHB Matt Silver 0-0: Ball
1-0: Foul Ball, location: 2F
1-1: Ball
2-1: 2-RUN HOME RUN (Flyball, 78XD), Distance : 387 ft
Batting: LHB Luis Antonio Torres 0-0: Foul Ball, location: 2F
0-1: Ball
1-1: Fly out, F8 (Flyball, 8RM)
Batting: RHB Luis Alou 0-0: Reached on error, E5 (Flyball, 5D)
Batting: LHB José Rivas Pickoff Throw to First - Out!
0-0: DOUBLE (Flyball, 89XD)
Batting: RHB José Herrera 0-0: Foul Ball, location: 2F
0-1: Swinging Strike
0-2: Fly out, F7 (Line Drive, 7)
Bottom of the 1st over - 2 run(s), 2 hit(s), 1 error(s), 1 left on base; St. Louis 0 - Maui 2
TOP OF THE 2ND
St. Louis Browns batting - Pitching for Maui Tropics : LHP Kent Robinson
Batting: RHB Octávio Marín 0-0: Fly out, F5 (Line Drive, 5S)
Batting: RHB Vicente Valentín 0-0: Fly out, F4 (Line Drive, 4M)
Batting: RHB Danny Walker 0-0: Fly out, F7 (Flyball, 7D)
Top of the 2nd over - 0 run(s), 0 hit(s), 0 error(s), 0 left on base; St. Louis 0 - Maui 2
BOTTOM OF THE 2ND
Maui Tropics batting - Pitching for St. Louis Browns : RHP Claudio Martínez
Batting: LHB Anacleto Morillo 0-0: Ball
1-0: Ball
2-0: Ball
3-0: Called Strike
3-1: Base on Balls
Batting: RHB Ximena Campos 0-0: Foul Ball, location: 2F
0-1: Ball
1-1: SINGLE (Line Drive, 9S)
Anacleto Morillo to second
Batting: RHB John Brown 0-0: Foul Ball, location: 2F
0-1: Foul Ball, location: 2F
0-2: Strikes out swinging
Batting: LHB Mario Olivares 0-0: Called Strike
0-1: Ball
1-1: Ball
2-1: Foul Ball, location: 2F
2-2: Foul Ball, location: 2F
2-2: Foul Ball, location: 2F
2-2: Foul Ball, location: 2F
2-2: Ball
3-2: Foul Ball, location: 2F
3-2: Fielders Choice at 2nd, 4-6 (Groundball, 4)
Anacleto Morillo to third
Batting: RHB Matt Silver 0-0: Ball
1-0: Ball
2-0: Called Strike
2-1: Ball
3-1: Foul Ball, location: 2F
3-2: Base on Balls
Mario Olivares to second
Batting: LHB Luis Antonio Torres 0-0: Called Strike
0-1: Swinging Strike
0-2: Ball
1-2: Strikes out looking
Bottom of the 2nd over - 0 run(s), 1 hit(s), 0 error(s), 3 left on base; St. Louis 0 - Maui 2
TOP OF THE 3RD
St. Louis Browns batting - Pitching for Maui Tropics : LHP Kent Robinson
Batting: SHB Ryobe Yamamoto 0-0: Foul Ball, location: 2F
0-1: Ground out 3-1 (Groundball, 34)
Batting: RHB Paco Castillo 0-0: Foul Ball, location: 2F
0-1: Called Strike
0-2: Ball
1-2: Ball
2-2: Ball
3-2: Ground out 4-3 (Groundball, 4)
Batting: LHB Robin Hill 0-0: Called Strike
0-1: Ball
1-1: SINGLE (Groundball, 56S) (infield hit)
Batting: RHB Adrian Prouse 0-0: Ball
1-0: Called Strike
1-1: 2-RUN HOME RUN (Flyball, 89XD), Distance : 383 ft
Batting: LHB Jorge Torres 0-0: Ground out 3-1 (Groundball, 34S)
Top of the 3rd over - 2 run(s), 2 hit(s), 0 error(s), 0 left on base; St. Louis 2 - Maui 2
BOTTOM OF THE 3RD
Maui Tropics batting - Pitching for St. Louis Browns : RHP Claudio Martínez
Batting: RHB Luis Alou 0-0: Ball
1-0: Foul Ball, location: 2F
1-1: Ball
2-1: SINGLE (Line Drive, 6MD)
Batting: LHB José Rivas 0-0: Called Strike
0-1: Ball
1-1: Swinging Strike
1-2: Strikes out swinging
Batting: RHB José Herrera 0-0: Called Strike
0-1: Ball
1-1: Ball
2-1: Swinging Strike
2-2: Ball
3-2: Strikes out swinging
Batting: LHB Anacleto Morillo 0-0: Ball
1-0: Ball
2-0: Ball
3-0: Base on Balls
Luis Alou to second
Batting: RHB Ximena Campos 0-0: Ball
1-0: Swinging Strike
1-1: Swinging Strike
1-2: Strikes out swinging
Bottom of the 3rd over - 0 run(s), 1 hit(s), 0 error(s), 2 left on base; St. Louis 2 - Maui 2
TOP OF THE 4TH
St. Louis Browns batting - Pitching for Maui Tropics : LHP Kent Robinson
Batting: RHB Anthony Rucker 0-0: Ball
1-0: Called Strike
1-1: Swinging Strike
1-2: Foul Ball, location: 2F
1-2: Foul Ball, location: 2F
1-2: Strikes out looking
Batting: RHB Octávio Marín 0-0: Ground out 5-3 (Groundball, 56)
Batting: RHB Vicente Valentín 0-0: Ball
1-0: Called Strike
1-1: Ball
2-1: Foul Ball, location: 2F
2-2: Ball
3-2: Foul Ball, location: 2F
3-2: Foul Ball, location: 2F
3-2: Foul Ball, location: 2F
3-2: Foul Ball, location: 2F
3-2: Foul Ball, location: 2F
3-2: SOLO HOME RUN (Flyball, 7D), Distance : 361 ft
Batting: RHB Danny Walker 0-0: Ball
1-0: Swinging Strike
1-1: Ball
2-1: Foul Ball, location: 2F
2-2: SOLO HOME RUN (Line Drive, 7D), Distance : 364 ft
Batting: SHB Ryobe Yamamoto 0-0: Ball
1-0: Called Strike
1-1: Swinging Strike
1-2: Ground out 6-3 (Groundball, 6)
Top of the 4th over - 2 run(s), 2 hit(s), 0 error(s), 0 left on base; St. Louis 4 - Maui 2
BOTTOM OF THE 4TH
Maui Tropics batting - Pitching for St. Louis Browns : RHP Claudio Martínez
Batting: RHB John Brown 0-0: Called Strike
0-1: Foul Ball, location: 2F
0-2: Strikes out swinging
Batting: LHB Mario Olivares 0-0: Ball
1-0: Ball
2-0: Foul Ball, location: 2F
2-1: Ball
3-1: Ground out 6-3 (Groundball, 6M)
Batting: RHB Matt Silver 0-0: Called Strike
0-1: Hit by Pitch
Batting: LHB Luis Antonio Torres 0-0: Called Strike
0-1: Ball
1-1: Fly out, F8 (Flyball, 8LM)
Bottom of the 4th over - 0 run(s), 0 hit(s), 0 error(s), 1 left on base; St. Louis 4 - Maui 2
TOP OF THE 5TH
St. Louis Browns batting - Pitching for Maui Tropics : LHP Kent Robinson
Batting: RHB Paco Castillo 0-0: Ball
1-0: Ball
2-0: Called Strike
2-1: Called Strike
2-2: Ball
3-2: Foul Ball, location: 2F
3-2: SINGLE (Line Drive, 34D)
Batting: LHB Robin Hill 0-0: Called Strike
0-1: Ball
1-1: Foul Ball, location: 2F
1-2: Ball
2-2: Ball
3-2: Foul Ball, location: 2F
3-2: Ground out U3 (Groundball, 34S)
Paco Castillo to second
Batting: RHB Adrian Prouse 0-0: Ground out 5-3 (Groundball, 56S)
Paco Castillo to third
Batting: LHB Jorge Torres 0-0: Ball
1-0: Ball
2-0: Fly out, F8 (Flyball, 8RM)
Top of the 5th over - 0 run(s), 1 hit(s), 0 error(s), 1 left on base; St. Louis 4 - Maui 2
BOTTOM OF THE 5TH
Maui Tropics batting - Pitching for St. Louis Browns : RHP Claudio Martínez
Batting: RHB Luis Alou 0-0: Ball
1-0: Swinging Strike
1-1: Called Strike
1-2: Strikes out swinging
Batting: LHB José Rivas 0-0: Called Strike
0-1: Foul Ball, location: 2F
0-2: Foul Ball, location: 2F
0-2: DOUBLE (Flyball, 8RXD)
Pitching: LHP Luis Noriega
Batting: RHB José Herrera 0-0: Foul Ball, location: 2F
0-1: Swinging Strike
0-2: Foul Ball, location: 2F
0-2: Ball
1-2: Ground out 6-3 (Groundball, 6)
Batting: LHB Anacleto Morillo 0-0: Ball
1-0: Called Strike
1-1: Swinging Strike
1-2: Ball
2-2: Strikes out swinging
Bottom of the 5th over - 0 run(s), 1 hit(s), 0 error(s), 1 left on base; St. Louis 4 - Maui 2
TOP OF THE 6TH
St. Louis Browns batting - Pitching for Maui Tropics : LHP Kent Robinson
Batting: RHB Anthony Rucker 0-0: Called Strike
0-1: Ball
1-1: Foul Ball, location: 2F
1-2: Ball
2-2: Ball
3-2: SINGLE (Line Drive, 3D)
Batting: RHB Octávio Marín 0-0: Grounds into double play, 6-4-3 (Groundball, 6M)
Batting: RHB Vicente Valentín 0-0: Ball
1-0: Ball
2-0: Ball
3-0: Called Strike
3-1: Base on Balls
Batting: RHB Danny Walker 0-0: Ball
1-0: SINGLE (Groundball, 34D)
Vicente Valentín to second
Runner from 2nd tries for 3rd, SAFE, throw made to third
Batting: SHB Ryobe Yamamoto 0-0: Ball
1-0: Ball
2-0: Ball
3-0: Called Strike
3-1: Base on Balls
Danny Walker to second
Batting: RHB Paco Castillo 0-0: Foul Ball, location: 2F
0-1: SINGLE (Line Drive, 6D)
Vicente Valentín scores
Danny Walker to third
Ryobe Yamamoto to second
Runner from 3rd tries for Home, SAFE, no throw
Pitching: RHP John Burris
Batting: LHB Robin Hill 0-0: Fielders Choice at 2nd, 4-6 (Groundball, 34D)
Top of the 6th over - 2 run(s), 3 hit(s), 0 error(s), 1 left on base; St. Louis 6 - Maui 2
BOTTOM OF THE 6TH
Maui Tropics batting - Pitching for St. Louis Browns : LHP Luis Noriega
Batting: RHB Ximena Campos 0-0: Swinging Strike
0-1: Fly out, F9 (Flyball, 9S)
Batting: RHB John Brown 0-0: Foul Ball, location: 2F
0-1: Ball
1-1: Swinging Strike
1-2: Strikes out swinging
Batting: LHB Mario Olivares 0-0: Ground out 2-3 (Groundball, 2R)
Bottom of the 6th over - 0 run(s), 0 hit(s), 0 error(s), 0 left on base; St. Louis 6 - Maui 2
TOP OF THE 7TH
St. Louis Browns batting - Pitching for Maui Tropics : RHP John Burris
Batting: RHB Adrian Prouse 0-0: Ball
1-0: Ball
2-0: Ball
3-0: Called Strike
3-1: Fly out, F8 (Flyball, 8RM)
Batting: LHB Jorge Torres 0-0: Ground out 4-3 (Groundball, 4)
Batting: RHB Anthony Rucker 0-0: Called Strike
0-1: Ball
1-1: Ground out 1-3 (Groundball, 13)
Top of the 7th over - 0 run(s), 0 hit(s), 0 error(s), 0 left on base; St. Louis 6 - Maui 2
BOTTOM OF THE 7TH
Maui Tropics batting - Pitching for St. Louis Browns : LHP Luis Noriega
Batting: RHB Matt Silver 0-0: Called Strike
0-1: Ball
1-1: Fly out, F9 (Flyball, 89S)
Batting: LHB Luis Antonio Torres 0-0: Called Strike
0-1: Swinging Strike
0-2: Foul Ball, location: 2F
0-2: Strikes out swinging
Batting: RHB Luis Alou 0-0: Ball
1-0: SINGLE (Groundball, 6MD)
Batting: LHB José Rivas 0-0: Ball
1-0: Ball
2-0: Called Strike
2-1: Swinging Strike
2-2: Strikes out looking
Bottom of the 7th over - 0 run(s), 1 hit(s), 0 error(s), 1 left on base; St. Louis 6 - Maui 2
TOP OF THE 8TH
St. Louis Browns batting - Pitching for Maui Tropics : RHP John Burris
Batting: RHB Octávio Marín 0-0: Called Strike
0-1: Called Strike
0-2: Ball
1-2: Strikes out looking
Batting: RHB Vicente Valentín 0-0: Called Strike
0-1: Ball
1-1: Ball
2-1: Foul Ball, location: 2F
2-2: Strikes out looking
Batting: RHB Danny Walker 0-0: Ball
1-0: SINGLE (Line Drive, 4D)
Batting: SHB Ryobe Yamamoto 0-0: Ball
1-0: Ball
2-0: Fielders Choice at 2nd, 4-6 (Groundball, 4)
Top of the 8th over - 0 run(s), 1 hit(s), 0 error(s), 0 left on base; St. Louis 6 - Maui 2
BOTTOM OF THE 8TH
Maui Tropics batting - Pitching for St. Louis Browns : LHP Luis Noriega
Batting: RHB José Herrera 0-0: Called Strike
0-1: Foul Ball, location: 2F
0-2: Ball
1-2: Foul Ball, location: 2F
1-2: Foul Ball, location: 2F
1-2: Fly out, F9 (Flyball, 9S)
Batting: LHB Anacleto Morillo 0-0: Ball
1-0: Foul Ball, location: 2F
1-1: Ball
2-1: Ball
3-1: Ground out U3 (Groundball, 3L)
Batting: RHB Ximena Campos 0-0: Foul Ball, location: 2F
0-1: Ball
1-1: Ball
2-1: Foul Ball, location: 2F
2-2: Ball
3-2: Base on Balls
Batting: RHB John Brown 0-0: Ball
1-0: Ball
2-0: Swinging Strike
2-1: Swinging Strike
2-2: Ball
3-2: Strikes out swinging
Bottom of the 8th over - 0 run(s), 0 hit(s), 0 error(s), 1 left on base; St. Louis 6 - Maui 2
TOP OF THE 9TH
St. Louis Browns batting - Pitching for Maui Tropics : RHP John Burris
Batting: RHB Paco Castillo 0-0: Called Strike
0-1: Ball
1-1: Ground out 4-3 (Groundball, 4S)
Batting: LHB Robin Hill 0-0: Swinging Strike
0-1: Ball
1-1: Ball
2-1: Ball
3-1: Ground out 1-3 (Groundball, 13S)
Batting: RHB Adrian Prouse 0-0: Ball
1-0: Called Strike
1-1: Swinging Strike
1-2: Strikes out swinging
Top of the 9th over - 0 run(s), 0 hit(s), 0 error(s), 0 left on base; St. Louis 6 - Maui 2
BOTTOM OF THE 9TH
Maui Tropics batting - Pitching for St. Louis Browns : LHP Luis Noriega
Pitching: RHP Beau Brown
Batting: LHB Mario Olivares 0-0: Ball
1-0: Swinging Strike
1-1: Foul Ball, location: 2F
1-2: Ball
2-2: Strikes out swinging
Batting: RHB Matt Silver 0-0: Called Strike
0-1: Swinging Strike
0-2: Foul Ball, location: 2F
0-2: Ball
1-2: Ball
2-2: Ball
3-2: Foul Ball, location: 2F
3-2: Foul Ball, location: 2F
3-2: Reached on error, E5 (Groundball, 56)
Batting: LHB Luis Antonio Torres 0-0: SINGLE (Line Drive, 89S)
Matt Silver to third
Runner from 3rd tries for Home, SAFE, no throw
Pitching: LHP Brent Miller
Batting: RHB Luis Alou 0-0: Called Strike
0-1: Foul Ball, location: 2F
0-2: Ball
1-2: Ball
2-2: Strikes out swinging
Batting: LHB José Rivas 0-0: Ground out U3 (Groundball, 3)
Bottom of the 9th over - 1 run(s), 1 hit(s), 1 error(s), 1 left on base; St. Louis 6 - Maui 3
Thursday, March 30th, 2017 - OOTP Baseball 17.12 Build 75